 Dungeon Crawl Stone Soup version 0.31-a0-806-g0bc164a743 (webtiles) character file.

Game seed: 12332653648516646157

78 arthad the Digger (level 4, -2/24 HPs)
             Began as a Deep Elf Earth Elementalist on Sept 21, 2023.
             Slain by an orc
             ... wielding a +0 club
              (3 damage)
             ... on level 3 of the Dungeon.
             The game lasted 00:02:23 (1626 turns).

arthad the Digger (Deep Elf Earth Elementalist)     Turns: 1626, Time: 00:02:24

Health: -2/24      AC:  2    Str:  5    XL:     4   Next: 15%
Magic:  0/11       EV: 13    Int: 22    God:
Gold:   79         SH:  0    Dex: 15    Spells: 9/10 levels left

rFire   + . .        d - staff of fire
rCold   . . .        (no shield)
rNeg    . . .        a - +0 robe
rPois   .            (no helmet)
rElec   .            (no cloak)
rCorr   .            (no gloves)
SInv    .            (no boots)
Will    .....        (no amulet)
Stlth   ++           (no ring)
HPRegen 0.24/turn    (no ring)
MPRegen 0.12/turn

%: no passive effects
@: no status effects
A: no striking features
a: no special abilities


You were on level 3 of the Dungeon.
You visited 1 branch of the dungeon, and saw 3 of its levels.

You collected 79 gold pieces.

Inventory:

Missiles
 f - 11 poisoned darts
 j - 5 atropa-tipped darts
Armour
 a - a +0 robe (worn)
Magical Staves
 d - a staff of fire (weapon)
Scrolls
 c - a scroll of teleportation {unknown}
 e - 2 scrolls of identify {unknown}
 h - a scroll of vulnerability {unknown}
 i - a scroll of poison {unknown}
 m - a scroll of amnesia {unknown}
Potions
 b - a potion of magic
 g - 2 potions of brilliance {unknown}
 k - 2 potions of lignification {unknown}
 l - a potion of might {unknown}


   Skills:
 + Level 3.2 Dodging
 + Level 3.4 Stealth
 + Level 3.7 Spellcasting
 + Level 2.1 Transmutations
 + Level 3.8 Earth Magic


You had 9 spell levels left.
You knew the following spells:

 Your Spells              Type           Power      Damage    Failure   Level
a - Sandblast             Erth           42%        2d11      2%          1

Your spell library contained the following spells:

 Spells                   Type           Power      Damage    Failure   Level
 Passwall                 Tmut/Erth      14%        N/A       4%          2
 Stone Arrow              Conj/Erth      24%        3d8       16%         3
 Searing Ray              Conj           8%         2d4       17%         2
 Static Discharge         Conj/Air       8%         2-3/arc   17%         2
 Petrify                  Tmut/Erth      17%        N/A       32%         4
 Tukima's Dance           Hex            4%         N/A       34%         3
 Brom's Barrelling Bould  Conj/Erth      12%        2d4       45%         4
 Dimensional Bullseye     Hex/Tloc       2%         N/A       75%         4
 Iskenderun's Mystic Bla  Conj/Tloc      4%         2d3       75%         4
 Vhi's Electric Charge    Tloc/Air       8%         N/A       75%         4
 Irradiate                Conj/Tmut      4%         3d13      90%         5
 Arcjolt                  Conj/Air       2%         1d12      97%         5
 Spellforged Servitor     Conj/Summ      2%         N/A       100%        7
 Maxwell's Capacitive Co  Air            2%         ∞         100%        8


Dungeon Overview and Level Annotations

Branches:
Dungeon (3/15)

Altars:


Message History

Press: ? - help, Q - select action, (/) - cycle Shift-Dir - straight line, f/p - orc
Aim: an orc, wielding a +0 club and wearing a +0 chain mail (87% to hit)
The blast of sand hits the orc but does no damage.
The endoplasm hits you.
* * * LOW HITPOINT WARNING * * *
The orc barely misses you.
Aiming: Sandblast (safe; 2% risk of failure)
Press: ? - help, Q - select action, (/) - cycle Shift-Dir - straight line, f - endoplasm, p - orc
Aim: an endoplasm (98% to hit)
The blast of sand hits the endoplasm!
You kill the endoplasm!
The orc hits you with a +0 club.
* * * LOW HITPOINT WARNING * * *
The orc misses you.
Aiming: Sandblast (safe; 2% risk of failure)
Press: ? - help, Q - select action, (/) - cycle Shift-Dir - straight line, f - orc
Aim: an orc, wielding a +0 club and wearing a +0 chain mail (87% to hit)
The blast of sand hits the orc but does no damage.
The orc barely misses you.
Your magical contamination has completely faded away.
Aiming: Sandblast (safe; 2% risk of failure)
Press: ? - help, Q - select action, (/) - cycle Shift-Dir - straight line, f/p - orc
Aim: an orc, wielding a +0 club and wearing a +0 chain mail (87% to hit)
The blast of sand hits the orc but does no damage.
The orc hits you with a +0 club.
* * * LOW HITPOINT WARNING * * *
The orc barely misses you.
Aiming: Sandblast (safe; 2% risk of failure)
Press: ? - help, Q - select action, (/) - cycle Shift-Dir - straight line, f/p - orc
Aim: an orc, wielding a +0 club and wearing a +0 chain mail (87% to hit)
The blast of sand hits the orc but does no damage.
The orc hits you with a +0 club.
* * * LOW HITPOINT WARNING * * *
Aiming: Sandblast (safe; 2% risk of failure)
Press: ? - help, Q - select action, (/) - cycle Shift-Dir - straight line, f/p - orc
Aim: an orc, wielding a +0 club and wearing a +0 chain mail (87% to hit)
The blast of sand hits the orc.
The orc is almost dead.
The orc hits you with a +0 club.
You die...

###########
..........##
.....†.....##
.[?.........#
.......o....#
......).@...#
................
............####
............#
..........#...
#############..
##.


You could see an orc.

Vanquished Creatures
  3 gnolls
  2 dart slugs (D:2)
  6 ball pythons
  4 bats
  9 endoplasms
  A giant cockroach (D:3)
  5 goblins
  A hobgoblin (D:1)
  A quokka (D:2)
  6 frilled lizards
  2 kobolds (D:2)
  3 rats
43 creatures vanquished.

Notes
Turn   | Place    | Note
-------+----------+-------------------------------------------
     0 | D:1      | arthad the Deep Elf Earth Elementalist began the quest for
                  | the Orb.
     0 | D:1      | Reached XP level 1. HP: 10/10 MP: 6/6
   244 | D:1      | Reached XP level 2. HP: 15/15 MP: 6/8
   298 | D:1      | Found a faded altar of an unknown god.
   350 | D:1      | Got a leatherbound book
  1092 | D:2      | Reached XP level 3. HP: 19/19 MP: 5/9
  1413 | D:2      | Reached XP level 4. HP: 24/24 MP: 6/11
  1622 | D:3      | HP: 1/24 [orc/+0 club (4)]
  1626 | D:3      | Slain by an orc

Illustrated notes

Levels and vault maps discovered:
D:1:      dpeg_arrival_rooms_a, layout_loops_ring, basic_ecumenical_altar,
          chequers_decorated_corner, minmay_tree_intersection
D:2:      layout_basic, columned_hall_lemuel
D:3:      layout_rooms, ebering_ghost_rock_garden, dk_noncrumbling_4, uniq_ijyb,
          uniq_robin

Skill      XL: |  1  2  3 |
---------------+----------+-----
Stealth        | 3 |  3.4
Dodging        | 3 |  3.2
Transmutations | 2 |  2.1
Spellcasting   | |  3.7
Earth Magic    | |  3.8

Action                     |  1- 3 |  4- 6 || total
---------------------------+-------+-------++-------
   Cast: Sandblast         |    47 |    14 ||    61
 Armour: Robe              |     5 |    11 ||    16
  Dodge: Dodged            |     3 |     9 ||    12

Table legend: (Time is in decaauts)
 A = Elapsed time spent in this place.
 B = Non-inter-level travel time spent in this place.
 C = Inter-level travel time spent in this place.
 D = Time resting spent in this place.
 E = Time spent auto-exploring this place.
 F = Levels seen in this place.
 G = Mean time per level.
                   A        B        C        D        E       F      G
               +--------+--------+--------+--------+--------+-----+--------+
         Total |   1655 |   1611 |     44 |      0 |   1373 |   3 |  551.7 |
       Dungeon |   1655 |   1611 |     44 |      0 |   1373 |   3 |  551.7 |
               +--------+--------+--------+--------+--------+-----+--------+

Top non-repeatable levels by time:
     D:1: 971 daAuts
     D:2: 663 daAuts
     D:3: 21 daAuts
